 Dungeon Crawl Stone Soup version 0.20.0-15-g7f486f2 (webtiles) character file.

531 st0uf the Shield-Bearer (level 7, 0/55 HPs)
             Began as a Formicid Fighter on June 30, 2017.
             Slain by a scorpion (8 damage)
             ... on level 4 of the Dungeon.
             The game lasted 00:09:13 (3890 turns).

st0uf the Shield-Bearer (Formicid Fighter)          Turns: 3890, Time: 00:09:13

Health: 0/55       AC:  7    Str: 27    XL:     7   Next: 48%
Magic:  7/7        EV:  8    Int:  8    God:
Gold:   167        SH: 10    Dex: 10    Spells: 6/6 levels left

rFire    . . .     SeeInvis +   a - +0 war axe
rCold    . . .     Gourm    .   c - +0 shield
rNeg     . . .     Faith    .   b - +0 scale mail
rPois    .         Spirit   .   (helmet unavailable)
rElec    .         Reflect  .   (no cloak)
rCorr    .         Harm     .   (no gloves)
MR       .....                  r - +0 pair of boots
Stlth    ..........             (no amulet)
Regen    0.2/turn               (no ring)
MPRegen  0.1/turn               (no ring)

@: mighty, lethally poisoned (0 -> -9), heavily drained
A: permanent stasis, dig shafts and tunnels, four strong arms, antennae 3
a: Dig, Shaft Self


You were on level 4 of the Dungeon.
You were not hungry.

You visited 1 branch of the dungeon, and saw 4 of its levels.

You collected 167 gold pieces.

Inventory:

Hand Weapons
 a - a +0 war axe (weapon)
Missiles
 j - 46 sling bullets
Armour
 b - a +0 scale mail (worn)
 c - a +0 shield (worn)
 r - a +0 pair of boots (worn)
Scrolls
 e - 2 scrolls of blinking {unknown}
 g - a scroll of amnesia {unknown}
 h - 5 scrolls of identify {unknown}
 i - a scroll of remove curse
 n - a scroll of recharging {unknown}
 o - a scroll of magic mapping {unknown}
 p - a scroll of immolation {unknown}
Potions
 d - a potion of might
 l - a potion of lignification {unknown}
 m - 2 potions of resistance {unknown}
 q - a potion of curing {unknown}
Comestibles
 f - 3 bread rations
 k - 3 royal jellies
 s - a chunk of flesh


   Skills:
 + Level 4.4(2.9) Fighting
 * Level 4.4(3.0) Axes
 + Level 4.6(3.1) Armour
 + Level 2.6(1.3) Dodging
 + Level 5.4(3.9) Shields


You had 6 spell levels left.
You didn't know any spells.

Dungeon Overview and Level Annotations

Branches:
Dungeon (4/15)
 Temple: D:4-7

Altars:
Makhleb

Annotations:
D:2 exclusion: downstairs


Innate Abilities, Weirdness & Mutations

You cannot be hasted, slowed, berserked, paralysed or teleported.
You can dig through walls and to a lower floor.
Your four strong arms can wield two-handed weapons with a shield.
You have a pair of large antennae on your head. (SInv)


Message History

You slash the ogre!
You feel sick.
The ogre hits you with a giant spiked club!
* * * LOW HITPOINT WARNING * * *
You block the scorpion's attack. The adder bites you but does no damage.
Unknown command.
You slash the scorpion!
The scorpion is almost dead.
You slash the ogre!
You kill the ogre!
Your shield and scale mail prevent you from hitting the adder.
You feel sick. You block the adder's attack. You block the scorpion's attack.
The adder barely misses you.
You barely miss the scorpion.
The scorpion is severely wounded.
You closely miss the adder.
You feel sick. The scorpion stings you.
* * * LOW HITPOINT WARNING * * *
You are lethally poisoned!
The scorpion poisons you! You block the adder's attack.
The scorpion stings you!
You die...

#.#. .#
##...# ?#
.#/....##..
........#.
.........#
.........#
......)sS#
......†@.#
.......†.#
<.......##
.#.....##
######


You could see a scorpion and an adder.

Vanquished Creatures
  2 ogres
  5 wights (D:3)
  A hound (D:3)
  Robin (D:3)
  3 adders
  A worm (D:2)
  A dart slug (D:1)
  2 leopard geckos
  2 orcs
  7 bats
  5 giant cockroaches
  17 goblins
  10 hobgoblins
  6 jackals
  7 kobolds
  A ball python (D:3)
  A frilled lizard (D:1)
  9 rats
81 creatures vanquished.

Vanquished Creatures (others)
  A worm (D:2)
  A hobgoblin (D:2)
2 creatures vanquished.

Grand Total: 83 creatures vanquished

Notes
Turn   | Place    | Note
-------+----------+-------------------------------------------
     0 | D:1      | st0uf the Formicid Fighter began the quest for the Orb.
     0 | D:1      | Reached XP level 1. HP: 18/18 MP: 1/1
    75 | D:1      | Reached XP level 2. HP: 21/24 MP: 2/2
   511 | D:1      | Reached skill level 4 in Shields
   553 | D:1      | Reached skill level 1 in Dodging
   553 | D:1      | Reached XP level 3. HP: 29/29 MP: 3/3
  1529 | D:2      | Reached XP level 4. HP: 30/35 MP: 4/4
  2106 | D:3      | Noticed an ogre
  2146 | D:3      | Killed an ogre
  2146 | D:3      | Reached XP level 5. HP: 4/42 MP: 5/5
  2488 | D:3      | Reached XP level 6. HP: 15/48 MP: 6/6
  2729 | D:3      | HP: 2/48 [wight/enchanted scimitar (10)]
  3176 | D:3      | Noticed Robin
  3184 | D:3      | Reached skill level 5 in Shields
  3211 | D:3      | Killed Robin
  3590 | D:3      | Reached XP level 7. HP: 38/54 MP: 7/7
  3705 | D:3      | Found a burning altar of Makhleb.
  3890 | D:4      | Slain by a scorpion

Skill      XL: |  1  2  3  4  5  6 |
---------------+-------------------+-----
Shields        | 4 5 |  5.4
Dodging        | 1 2 |  2.6
Axes           | 3 4 |  4.4
Fighting       | 4 |  4.4
Armour         | 4 |  4.6

Action                   |  1- 3 |  4- 6 |  7- 9 || total
-------------------------+-------+-------+-------++-------
Melee: War axe           |   112 |   150 |    33 ||   295
 Abil: Dig               |       |     2 |       ||     2
  Use: Potion            |       |     1 |     1 ||     2
       Scroll            |       |     1 |       ||     1
  Eat: Chunk             |     1 |     8 |     1 ||    10
Armor: Scale mail        |    48 |    40 |     7 ||    95
Dodge: Dodged            |    42 |    32 |    17 ||    91
Block: Shield            |    56 |    77 |    21 ||   154
